 Dungeon Crawl Stone Soup version 0.31-a0-198-g2ad674f65e (webtiles) character file.

Game seed: 4005746900380748281

10 qw the Shooter (level 2, -1/16 HPs)
             Began as a Deep Elf Hunter on June 25, 2023.
             Slain by Natasha (8 damage)
             ... on level 2 of the Dungeon.
             The game lasted 00:00:08 (772 turns).

qw the Shooter (Deep Elf Hunter)                     Turns: 772, Time: 00:00:08

Health: -1/16      AC:  5    Str:  8    XL:     2   Next: 10%
Magic:  4/4        EV: 10    Int: 13    God:
Gold:   82         SH:  0    Dex: 18    Spells: 1/1 levels left

rFire   . . .        Y - +0 shortbow
rCold   . . .        (shield currently unavailable)
rNeg    . . .        d - +0 ring mail
rPois   .            (no helmet)
rElec   .            (no cloak)
rCorr   .            (no gloves)
SInv    .            (no boots)
Will    .....        (no amulet)
Stlth   +            (no ring)
HPRegen 0.22/turn    (no ring)
MPRegen 0.09/turn

%: no passive effects
@: lethally poisoned (-1 -> -4)
A: no striking features
a: no special abilities


You were on level 2 of the Dungeon.
You visited 1 branch of the dungeon, and saw 2 of its levels.

You collected 82 gold pieces.


   Skills:
 - Level 1.5 Fighting
 + Level 6.0 Ranged Weapons
 - Level 2.4 Dodging
 - Level 1.2 Stealth


You had one spell level left.
You didn't know any spells.
Your spell library was empty.

Inventory:

Hand Weapons
 Y - a +0 shortbow (weapon)
Armour
 d - a +0 ring mail (worn)
Potions
 f - a potion of resistance {unknown}

Dungeon Overview and Level Annotations

Branches:
Dungeon (2/15)

Altars:

Annotations:
D:2 Natasha


Message History

There is an escape hatch in the floor here.
You see here a bat corpse.
You now have 82 gold pieces (gained 19).
There is an escape hatch in the floor here.
You see here a bat corpse.
A bat comes into view.
You shoot an arrow. The arrow hits the bat.
You kill the bat!
An adder comes into view.
Found a short sword.
The adder hisses angrily.
An endoplasm comes into view.
You shoot an arrow. The endoplasm quivers.
The arrow hits the adder!
The adder is almost dead.
A rat comes into view.
You shoot an arrow. The arrow barely misses the adder.
You hear an angry hiss.
You shoot an arrow. The arrow misses the adder.
The adder bites you.
You are poisoned.
The adder poisons you!
Natasha, Servant of Life and Death comes into view.
You shoot an arrow.
The arrow hits the adder but does no damage.
The adder is almost dead.
You feel very sick. The adder bites you.
You shoot an arrow. The arrow closely misses the adder.
The arrow hits the rat!
You kill the rat!
You feel sick. The adder barely misses you. Natasha barely misses you.
The adder barely misses you.
You shoot an arrow. The arrow misses the adder.
You feel sick. Natasha misses you. The adder bites you but does no damage.
Natasha wildly gestures.
You feel disoriented. Natasha claws you!
Ouch! That really hurt!
You die...

#........
#.......####
#..........# .
#....# ..
####.### ....
#...#####......
####>...........
#......###..)[..
#<####.h@S.....)
........#
###........
....#####
#..#####. ..
...# .#.. .# #..
# #.. #..


You could see Natasha and an adder.

Vanquished Creatures
  An endoplasm (D:1)
  A goblin (D:1)
  2 hobgoblins (D:1)
  A ball python (D:1)
  2 bats (D:2)
  A kobold (D:1)
  3 rats
11 creatures vanquished.

Notes
Turn   | Place    | Note
-------+----------+-------------------------------------------
     0 | D:1      | qw the Deep Elf Hunter began the quest for the Orb.
     0 | D:1      | Reached XP level 1. HP: 12/12 MP: 3/3
     0 | D:1      | 0 ||| qw: Version: 0.3-a-22-g0ed2b0b
     0 | D:1      | 0 ||| qw: Game counter: 4905
     0 | D:1      | 0 ||| qw: Melee chars always use a shield: true
     0 | D:1      | 0 ||| qw: God list: Okawaru
     0 | D:1      | 0 ||| qw: Allow faded altars: false
     0 | D:1      | 0 ||| qw: Do Orc after clearing Dungeon:15 true
     0 | D:1      | 0 ||| qw: Do second Lair branch before Depths: true
     0 | D:1      | 0 ||| qw: Lair rune preference: random
     0 | D:1      | 0 ||| qw: Goals: Normal
     0 | D:1      | 0 ||| PLANNING D:1-11
   623 | D:1      | Reached XP level 2. HP: 16/16 MP: 4/4
   654 | D:1      | 654 ||| UPGRADING to +0 ring mail.
   664 | D:1      | 664 ||| DROPPING +0 leather armour.
   665 | D:1      | 665 ||| READING 2 scrolls labelled MUAVIKOMIT.
   666 | D:1      | 666 ||| DROPPING scroll of fear.
   667 | D:1      | 667 ||| DROPPING scroll of butterflies.
   747 | D:2      | Reached skill level 6 in Ranged Weapons
   769 | D:2      | Noticed Natasha
   772 | D:2      | Slain by Natasha

Levels and vault maps discovered:
D:1:      sevenhm_arrival_forest_fort_small_3, layout_basic,
          minmay_strange_pillars
D:2:      layout_rooms, serial_shops, nicolae_shop_pleasant_corner_grove,
          uniq_natasha

Skill      XL: |  1  2 |
---------------+-------+-----
Ranged Weapons | 6 |  6.0
Fighting       | |  1.5
Dodging        | |  2.4
Stealth        | |  1.2

Action                     || total
---------------------------++-------
   Fire: Shortbow          ||    25
    Use: Scroll            ||     1
 Armour: Ring mail         ||     2
  Dodge: Dodged            ||     4

Table legend:
 A = Non-vault XP
 B = Vault XP
 C = Vault XP percentage of total XP
 D = Non-vault monster count
 E = Vault monster count
 F = Vault count percentage of total count
                 A         B        C        D         E       F
            +---------+---------+-------+---------+---------+-------
      Total |      15 |       0 |   0.0 |      11 |       0 |   0.0
            +---------+---------+-------+---------+---------+-------
        D:1 |      12 |       0 |   0.0 |       8 |       0 |   0.0
        D:2 |       3 |       0 |   0.0 |       3 |       0 |   0.0
            +---------+---------+-------+---------+---------+-------
